Map: 2000 Atmospheres LE

Players

A.I. 1 (Very Easy)

  • Race: Protoss Protoss
  • Spawn Location: 3:00

Cheddar - Winner!

  • Race: Protoss Protoss
  • League: Platinum
  • Spawn Location: 7:00

VOD

Have the link to the VOD?

Description

Time

  • Played on: July 14, 2022, 2:23 a.m.
  • Length: 8:08
Show
View Real Time Build Order
Export as new Build Order

A.I. 1 (Very Easy) Protoss 

Build Orders: 1 Gate Expand, Nexus First 

Get SALT Encoding   

  12  0:00  Probe  
  13  0:13  Probe  
  14  0:19  Pylon  
  14  0:42  Gateway  
  14  1:00  Nexus  
  14  1:19  Pylon  
  14  1:21  Zealot  
  14  1:23  Assimilator  
  16  1:37  Cybernetics Core  
  16  1:38  Probe  
  17  1:50  Probe  
  18  2:00  Probe  
  18  2:01  Assimilator  
  18  2:06  Stalker  
  19  2:08  Probe  
  22  2:17  Probe, Warp Gate  
  23  2:23  Probe  
  24  2:32  Probe  
  25  2:39  Probe  
  26  2:46  Probe  
  26  2:47  Pylon  
  27  2:53  Probe  
  28  3:00  Probe  
  29  3:07  Probe  
  29  3:11  Robotics Facility  
  30  3:14  Probe, Zealot  
  31  3:22  Probe  
  34  3:29  Probe  
  35  3:36  Probe  
  36  3:43  Probe  
  36  3:44  Assimilator  
  37  3:50  Probe  
  38  3:58  Observer, Probe, Assimilator  
  40  4:05  Probe  
  41  4:12  Observer, Probe  
  41  4:16  Probe  
  44  4:26  Probe  
  44  4:29  Pylon  
  44  4:30  Sentry, Probe  
  48  4:40  Probe  
  49  4:48  Probe  
  50  5:26  Stalker  
  50  5:27  Probe  
  50  5:29  Pylon  
  50  5:33  Pylon  
  50  5:37  Probe  
  42  5:48  Probe  
  38  5:55  Probe, Immortal  
  34  6:03  Probe  
  28  6:09  Probe  
  27  6:17  Probe  
  28  6:20  Probe  
  27  6:31  Probe  
  28  6:37  Assimilator  
  30  6:44  Probe  
  30  6:45  Pylon  
  27  6:49  Pylon  
  27  7:04  Pylon  
  27  7:07  Probe  
  24  7:09  Gateway  
  24  7:20  Probe  
  25  7:28  Pylon, Probe  
  25  7:37  Probe  
  24  7:48  Probe  
Show
View Real Time Build Order
Export as new Build Order

Cheddar Protoss - Winner!

Build Orders: 1 Gate Expand, Blink Stalkers 

Get SALT Encoding   

  12  0:00  Probe  
  13  0:12  Probe  
  14  0:17  Pylon  
  14  0:24  Probe  
  15  0:36  Gateway  
  15  0:37  Probe (Chrono Boost)  
  16  0:43  Assimilator  
  16  0:49  Probe (Chrono Boost)  
  17  0:53  Probe (Chrono Boost)  
  18  1:03  Probe  
  19  1:15  Probe  
  20  1:24  Cybernetics Core  
  20  1:28  Probe  
  21  1:38  Nexus  
  21  1:41  Probe  
  22  1:48  Pylon  
  22  1:54  Assimilator  
  22  1:55  Probe  
  22  2:00  Warp Gate  
  23  2:04  Adept (Chrono Boost)  
  25  2:11  Probe  
  26  2:19  Twilight Council  
  26  2:24  Probe  
  26  2:29  Stalker  
  29  2:37  Probe  
  30  2:46  Gateway  
  30  2:57  Probe x2  
  32  2:59  Stalker  
  32  3:02  Blink (Chrono Boost)  
  34  3:09  Probe  
  34  3:10  Probe  
  36  3:21  Probe  
  36  3:22  Probe  
  36  3:26  Robotics Facility  
  38  3:41  Nexus  
  38  3:47  Pylon  
  38  3:49  Probe  
  38  3:50  Probe  
  40  4:00  Stalker  
  40  4:01  Probe  
  40  4:02  Probe  
  44  4:03  Stalker  
  46  4:12  Pylon  
  46  4:14  Warp Prism (Chrono Boost)  
  46  4:20  Probe  
  46  4:21  Probe  
  50  4:25  Stalker  
  50  4:29  Stalker  
  54  4:39  Probe x2  
  54  4:43  Assimilator  
  54  4:45  Assimilator  
  56  4:51  Stalker  
  56  4:52  Stalker  
  60  4:58  Probe x3  
  63  5:10  Probe x3  
  66  5:14  Stalker  
  66  5:15  Stalker  
  70  5:38  Stalker x2  
  70  5:39  Probe x3  
  75  5:51  Probe x2  
  73  6:01  Stalker x2  
  77  6:10  Pylon  
  77  6:21  Pylon  
  77  6:22  Gateway  
  77  6:27  Charge (Chrono Boost)  
  77  6:28  Pylon, Probe x3  
  77  6:30  Pylon  
  77  6:32  Gateway x2  
  80  6:34  Gateway  
  78  6:40  Probe  
  78  6:42  Templar Archives  
  78  6:44  Probe  
  78  6:45  Probe  
  79  6:52  Probe  
  79  6:53  Stalker x2  
  84  6:57  Probe x2  
  86  7:05  Probe  
  87  7:09  Probe  
  88  7:18  Gateway  
  88  7:20  Gateway  
  88  7:23  Forge  
  88  7:25  Forge  
  88  7:27  Zealot x2  
  88  7:28  Zealot x3  
  98  7:43  Zealot  
  100  7:53  Zealot x4  
Tags
 
Add a new tag
Caveats
  • Supply blocks, unpowered buildings, or Contaminate may cause inaccurate times.
  • Supply counts are checked every 10 seconds.